Map: Cyber Forest LE

Players

MaNa - Winner!

  • Race: Protoss Protoss
  • Spawn Location: 5:00

Kelazhur

  • Race: Terran Terran
  • Spawn Location: 11:00

Event: 2019 WCS Spring

VOD

Have the link to the VOD?

Description

Time

  • Played on: May 18, 2019, 6:57 a.m.
  • Length: 16:41

All games in this series

Show
View Real Time Build Order
Export as new Build Order

MaNa Protoss - Winner!

Build Orders: 1 Gate Expand, Oracle Opening, Phoenix Opening 

Get SALT Encoding   

  12  0:00  Probe  
  13  0:12  Probe  
  14  0:18  Pylon  
  14  0:24  Probe  
  15  0:32  Probe  
  15  0:36  Gateway  
  15  0:40  Probe  
  16  0:47  Assimilator  
  17  0:51  Probe  
  18  1:03  Probe  
  19  1:15  Probe  
  20  1:24  Cybernetics Core  
  20  1:32  Nexus  
  20  1:39  Pylon  
  20  1:42  Probe  
  21  1:50  Assimilator, Adept  
  21  1:54  Probe  
  24  2:07  Probe  
  25  2:13  Adept  
  25  2:19  Stargate, Probe  
  28  2:31  Probe  
  28  2:34  Warp Gate  
  29  2:43  Probe  
  30  2:44  Adept  
  30  2:45  Probe  
  33  2:54  Oracle  
  33  2:55  Probe  
  33  2:57  Probe  
  35  3:10  Probe x2  
  35  3:11  Shield Battery  
  39  3:22  Probe x2  
  39  3:26  Gateway  
  41  3:27  Phoenix  
  43  3:37  Gateway  
  43  3:42  Pylon  
  43  3:52  Phoenix  
  43  3:55  Pylon  
  45  3:56  Shield Battery  
  45  4:14  Probe  
  46  4:17  Phoenix  
  46  4:22  Adept x2  
  53  4:26  Pylon  
  53  4:27  Pylon  
  53  4:32  Adept  
  54  4:40  Assimilator  
  54  4:43  Twilight Council  
  54  4:44  Assimilator, Forge  
  54  4:45  Probe x2  
  56  4:48  Adept  
  58  4:57  Probe x2  
  51  5:09  Probe  
  46  5:16  Adept x3  
  46  5:17  Phoenix  
  46  5:20  Probe x2  
  54  5:23  Charge  
  56  5:28  Probe x2  
  58  5:37  Probe  
  58  5:38  Probe  
  58  5:39  Protoss Ground Armor Level 1  
  60  5:49  Probe  
  61  5:50  Probe  
  62  6:02  Probe x2  
  62  6:14  Probe x2  
  62  6:16  Phoenix  
  66  6:23  Gateway  
  66  6:25  Sentry x2, Gateway  
  70  6:26  Nexus  
  70  6:30  Pylon  
  70  6:36  Pylon  
  70  6:38  Pylon  
  70  6:42  Pylon  
  70  6:46  Templar Archives  
  70  6:48  Probe  
  71  7:01  Probe x2  
  71  7:03  Gateway x2  
  73  7:10  Psionic Storm  
  73  7:11  Gateway  
  73  7:13  Robotics Facility  
  73  7:16  Probe x2  
  75  7:23  Zealot x3  
  81  7:32  High Templar x2  
  85  7:43  Zealot x2, High Templar  
  91  7:46  Probe x2  
  93  7:54  Pylon  
  93  7:55  Warp Prism  
  93  8:00  Protoss Ground Armor Level 2  
  95  8:07  Zealot x2  
  95  8:08  Probe x2  
  95  8:10  Probe  
  102  8:18  Shield Battery  
  102  8:25  Observer  
  102  8:30  Probe  
  102  8:33  Zealot, High Templar x2  
  102  8:34  Zealot x5  
  112  8:41  Archon  
  116  8:50  Immortal, Probe  
  116  8:51  Probe  
  118  8:57  Pylon  
  118  8:59  High Templar  
  124  9:04  Pylon  
  124  9:07  Pylon  
  124  9:10  Blink  
  124  9:12  Photon Cannon  
  124  9:17  Photon Cannon  
  124  9:19  Observer  
  124  9:21  Stalker x3  
  130  9:29  Probe x2  
  132  9:32  Zealot x3  
  136  9:45  Stalker x4  
  143  9:53  Immortal  
  147  10:02  Stalker  
  147  10:06  Pylon  
  147  10:07  Assimilator  
  149  10:08  Pylon  
  149  10:11  Assimilator  
  149  10:17  Robotics Bay  
  149  10:19  Robotics Facility  
  149  10:25  Probe  
  149  10:26  Probe, Pylon  
  147  10:30  Probe  
  147  10:32  Observer  
  147  10:34  Zealot x4  
  157  10:38  Probe  
  157  10:39  Photon Cannon  
  158  10:45  Pylon  
  158  10:49  Extended Thermal Lance  
  158  10:50  Protoss Ground Weapons Level 1  
  158  10:54  Probe x2  
  160  10:57  Shield Battery  
  160  10:58  Forge  
  160  11:09  Colossus  
  160  11:18  Nexus  
  158  11:19  Colossus  
  158  11:22  High Templar  
  166  11:30  Pylon  
  168  11:41  Protoss Ground Armor Level 3  
  168  11:42  Probe x3  
  169  11:47  Pylon  
  169  11:52  High Templar x2  
  173  11:59  Colossus  
  173  12:02  Oracle  
  178  12:16  Zealot x3  
  178  12:17  Zealot x3  
  190  12:25  Shield Battery  
  190  12:27  Shield Battery  
  190  12:30  Colossus, Photon Cannon  
  190  12:54  Stalker x6  
  194  13:05  Stalker x2  
  190  13:16  Colossus  
  194  13:23  Stalker  
  194  13:24  Stalker x4  
  198  13:47  Colossus  
  190  13:55  Stalker x8  
  156  14:18  Zealot x8  
  156  14:19  Immortal  
  153  14:38  High Templar  
  153  14:39  Stalker, Zealot x2, High Templar  
  153  14:40  Zealot x3, Colossus  
  173  14:58  Immortal  
  177  15:00  Probe x2  
  177  15:01  Assimilator  
  177  15:02  Assimilator  
  179  15:12  Stalker x3  
  181  15:19  Stalker x2  
  181  15:30  Zealot x2, High Templar  
  181  15:34  Immortal  
  187  15:41  Immortal  
  153  15:52  Zealot x4  
  153  15:53  Zealot  
  153  15:55  Sentry x2  
  165  16:07  Observer  
  165  16:18  High Templar  
  171  16:26  Pylon  
  171  16:28  Nexus  
  171  16:30  Stalker  
  173  16:32  Pylon  
Show
View Real Time Build Order
Export as new Build Order

Kelazhur Terran 

Build Orders: 1/1/1, Liberator Opening 

Get SALT Encoding   

  12  0:00  SCV  
  13  0:13  SCV  
  14  0:17  Supply Depot  
  14  0:25  SCV  
  15  0:38  SCV  
  15  0:40  Barracks  
  16  0:46  Refinery  
  16  0:50  SCV  
  16  0:54  Refinery  
  17  1:02  SCV  
  18  1:14  SCV  
  19  1:26  Marine  
  19  1:27  Orbital Command  
  20  1:33  Factory  
  20  1:45  Supply Depot  
  20  1:48  Barracks Reactor  
  20  1:53  SCV  
  21  2:05  SCV  
  22  2:17  SCV, Starport  
  23  2:26  Supply Depot  
  23  2:29  Hellion x2  
  27  2:31  SCV  
  28  2:43  SCV  
  29  2:50  Hellion x2  
  33  2:55  Medivac  
  35  3:01  Barracks Tech Lab  
  35  3:02  Supply Depot  
  35  3:09  Liberator  
  39  3:13  Hellion x2  
  39  3:23  SCV  
  43  3:41  Command Center  
  43  3:51  Marine x2  
  45  3:59  Supply Depot  
  45  4:12  Marine x2  
  47  4:21  Cyclone  
  48  4:28  SCV  
  47  4:37  Marine x2  
  49  4:38  Bunker  
  49  4:41  Barracks  
  49  4:42  Barracks  
  49  4:43  SCV  
  50  4:54  Marine  
  50  4:55  Marine  
  50  4:57  Orbital Command  
  51  5:01  SCV  
  45  5:12  Marine x2  
  45  5:13  SCV  
  38  5:23  Cyclone  
  38  5:25  SCV  
  38  5:26  SCV  
  41  5:30  Marine x2  
  41  5:33  Barracks Tech Lab x2  
  41  5:34  Viking  
  45  5:38  SCV  
  45  5:39  SCV  
  47  5:47  Engineering Bay  
  47  5:50  SCV  
  47  5:51  SCV  
  49  6:00  Marine x2  
  49  6:02  SCV  
  49  6:03  SCV  
  49  6:04  Marine x2  
  46  6:14  SCV  
  46  6:15  SCV  
  48  6:20  Marine x2  
  48  6:22  Combat Shield, Stimpack  
  50  6:26  SCV  
  50  6:27  SCV, Starport Reactor  
  52  6:33  Terran Infantry Weapons Level 1  
  52  6:38  SCV  
  52  6:39  SCV, Marine x2  
  56  6:40  Factory Reactor  
  56  6:41  Raven  
  56  6:46  Marauder  
  60  6:48  Marauder  
  60  6:50  SCV  
  60  6:52  SCV  
  64  6:58  Supply Depot  
  64  7:02  SCV  
  64  7:05  SCV  
  66  7:09  Marauder, Marine x2  
  66  7:11  Missile Turret  
  66  7:15  Refinery  
  70  7:16  Refinery  
  70  7:20  Marauder  
  70  7:22  SCV x2  
  74  7:24  Supply Depot  
  74  7:29  Factory Reactor, Supply Depot  
  74  7:33  Marine x2  
  74  7:34  Marauder  
  78  7:43  Concussive Shells  
  78  7:45  SCV x2, Medivac x2  
  78  7:50  Marauder, Supply Depot  
  78  7:51  Marine x2  
  87  7:55  Marauder  
  90  8:05  SCV x2  
  92  8:08  Supply Depot  
  92  8:09  Marine x2  
  92  8:12  Widow Mine x2  
  98  8:16  Marauder  
  100  8:20  Marauder  
  100  8:25  Command Center  
  96  8:39  Marauder, Marine x2  
  100  8:41  Terran Infantry Armor Level 1  
  100  8:45  Supply Depot  
  100  8:47  Widow Mine x2  
  104  8:49  Medivac x2  
  104  8:51  SCV x2  
  109  8:57  Supply Depot  
  109  8:59  Marine  
  110  9:06  Marine  
  110  9:07  Marauder  
  113  9:12  Marauder  
  113  9:15  Supply Depot  
  113  9:16  Marine, Ghost Academy  
  116  9:23  Armory  
  116  9:31  Medivac x2  
  119  9:42  Marauder x2, Marine x2  
  125  9:49  Liberator x2  
  123  10:05  Orbital Command  
  129  10:09  Barracks  
  129  10:12  Barracks  
  129  10:19  Marauder x2, Marine  
  134  10:27  SCV x2  
  135  10:30  SCV  
  135  10:33  Factory Reactor  
  136  10:36  Starport, Refinery  
  136  10:37  Liberator  
  136  10:39  Supply Depot  
  136  10:43  Liberator  
  136  10:50  Marauder x2, Marine x2  
  136  10:52  SCV x3  
  148  11:01  Terran Infantry Weapons Level 2  
  151  11:07  Supply Depot  
  151  11:10  SCV  
  151  11:11  Liberator x2, Supply Depot  
  152  11:12  SCV x2, Supply Depot  
  156  11:26  Refinery  
  156  11:30  Marine x3  
  156  11:32  Marine  
  164  11:34  Ghost, Liberator x2  
  164  11:35  Ghost  
  164  11:38  Ghost  
  173  11:57  Liberator x2, Supply Depot  
  173  12:02  Marine x4  
  182  12:19  Marauder x3  
  188  12:26  Engineering Bay  
  188  12:30  Marine  
  188  12:32  Marine  
  190  12:41  Marauder, Marine  
  179  13:06  Marauder x3, Marine x4  
  179  13:08  SCV x2  
  179  13:09  SCV  
  179  13:12  Viking x4  
  197  13:20  SCV  
  197  13:24  Marine x2  
  194  13:27  Marauder  
  196  13:37  SCV  
  196  13:39  Supply Depot  
  197  13:44  SCV x2  
  197  13:45  Marauder  
  186  13:49  SCV  
  186  13:55  Marauder  
  161  13:56  Medivac x2  
  161  13:57  Ghost  
  161  14:01  Marine x2  
  169  14:03  Marine  
  169  14:08  Ghost  
  164  14:24  Viking x2  
  164  14:25  Ghost  
  164  14:26  Marine x2  
  124  14:38  Viking x2  
  151  14:48  SCV  
  151  14:49  SCV  
  153  14:59  SCV, Liberator  
  154  15:01  SCV x2  
  154  15:03  Marine x4  
  154  15:05  Marauder  
  162  15:13  Ghost  
  160  15:30  Marine  
  160  15:31  Marine x3  
  160  15:32  Marauder  
  160  15:33  SCV  
  152  15:53  Marine  
  152  15:54  Ghost, Marine  
  152  15:55  Ghost x2  
  163  16:19  Marine  
  163  16:20  Marine  
Tags
 
Add a new tag
Caveats
  • Supply blocks, unpowered buildings, or Contaminate may cause inaccurate times.
  • Supply counts are checked every 10 seconds.